 Dungeon Crawl Stone Soup version 0.18.1-48-g4cf74bf (console) character file.

548 Kloppie the Chopper (level 7, -1/94 HPs)
             Began as a Hill Orc Berserker on Aug 31, 2016.
             Was an Elder of Trog.
             Succumbed to SexyTroll44's ghost's toxic radiance
             ... in an ossuary.
             The game lasted 00:05:31 (3699 turns).

Kloppie the Chopper (Hill Orc Berserker)            Turns: 3699, Time: 00:05:31

Health: -1/94      AC: 15    Str: 25    XL:     7   Next: 28%
Magic:  7/7        EV:  9    Int:  7    God:    Trog [****..]
Gold:   179        SH:  0    Dex: 12    Spells: 0 memorised, 6 levels left

rFire  . . .     SeeInvis .     a - +0 hand axe
rCold  . . .     Gourm    .     h - +0 chain mail
rNeg   . . .     Faith    .     (no shield)
rPois  .         Spirit   .     q - +2 helmet
rElec  .         Dismiss  .     z - +0 cloak (curse)
rCorr  .         Reflect  .     (no gloves)
SustAt .         Harm     .     b - +0 pair of boots
MR     ++...                    (no amulet)
Stlth  ..........               (no ring)
                                (no ring)

@: berserking (expiring), lethally poisoned (-1 -> -18), regenerating, very
quick, very resistant to hostile enchantments, extremely unstealthy
A: no striking features
a: Berserk, Trog's Hand, Brothers in Arms, Burn Spellbooks, Renounce Religion


You were in an ossuary.
You worshipped Trog.
Trog was greatly pleased with you.
You were hungry.

You visited 1 branch of the dungeon, and saw 4 of its levels.
You also visited: Sewer and Ossuary.

You collected 179 gold pieces.

Inventory:

Hand Weapons
 a - a +0 hand axe (weapon)
Armour
 b - a +0 pair of boots (worn)
 h - a +0 chain mail (worn)
 q - a +2 helmet (worn)
 z - a cursed +0 cloak (worn)
Jewellery
 f - an uncursed amulet of magic regeneration {unknown}
Wands
 v - a wand of slowing (29/48)
 y - a wand of polymorph (8/24)
Scrolls
 e - 3 scrolls of identify {unknown}
 i - 4 scrolls of teleportation
 l - a scroll of magic mapping {unknown}
 m - 4 scrolls of immolation {unknown}
 n - a scroll of fog {unknown}
 o - a scroll of amnesia {unknown}
 p - 2 scrolls of enchant armour {unknown}
 u - 2 scrolls of random uselessness {unknown}
 x - a scroll of remove curse {unknown}
 C - a scroll of enchant weapon {unknown}
Potions
 d - 4 potions of curing {unknown}
 g - a potion of magic {unknown}
 j - a potion of mutation {unknown}
 r - a potion of lignification {unknown}
 s - a potion of cancellation {unknown}
 w - 4 potions of flight
 B - a potion of brilliance {unknown}
Books
 A - a book of Debilitation

   Spells                             Type                      Level
   a - Corona                         Hexes                        1
   b - Slow                           Hexes                        2
   c - Gell's Gravitas                Hexes/Translocation          3
   d - Inner Flame                    Hexes/Fire                   3
   e - Cause Fear                     Hexes                        4
   f - Leda's Liquefaction            Hexes/Earth                  4
   Trog disapproves of the use of such an item.
Comestibles
 c - 2 bread rations
 k - 6 chunks of flesh
 t - 2 meat rations


   Skills:
 + Level 6.2 Fighting
 + Level 7.1 Axes
 + Level 5.1 Armour
 - Level 1.5 Dodging


You had 6 spell levels left.
You didn't know any spells.

Dungeon Overview and Level Annotations

Branches:
Dungeon (4/15)
 Temple: D:4-7

Altars:
Nemelex Xobeh
Vehumet
Yredelemnul

Annotations:
Ossuary SexyTroll44's ghost, novice NaVM


Message History

* * * LOW HITPOINT WARNING * * *
You are more poisoned.
SexyTroll44's ghost casts a spell at you.
The sting misses you.
The sting hits the elf zombie.
The elf zombie completely resists.
You slash SexyTroll44's ghost!
SexyTroll44's ghost is severely damaged.
You hit the elf zombie.
You feel sick.
The elf zombie hits you but does no damage.
You are too berserk!
You hit the elf zombie. You slash SexyTroll44's ghost!
SexyTroll44's ghost is severely damaged.
You feel sick.
* * * LOW HITPOINT WARNING * * *
You are more poisoned.
SexyTroll44's ghost hits you but does no damage.
You completely miss SexyTroll44's ghost.
SexyTroll44's ghost is severely damaged.
You barely miss the elf zombie.
You die...

### ###.###
##.....##
#.......#
#.......#
#.......#
#.....# #Z#
#@# ###W###
##.....##
#.......#
##...∩...##
+...∩∩∩...+
##...∩...##
#.......#
##.....##


You could see SexyTroll44's ghost and an elf zombie.

Vanquished Creatures
  An elf zombie (Ossuary)
  2 centaur zombies (Ossuary)
  An orc wizard (D:4)
  Crazy Yiuf (D:3)
  Ijyb (D:3)
  A worker ant (D:3)
  A siren (Sewer)
  A merfolk avatar (Sewer)
  A hound skeleton (D:3)
  A mummy (Ossuary)
  8 adders
  2 river rats (Sewer)
  An ooze (D:3)
  7 worms
  2 dart slugs
  5 giant geckos
  6 orcs
  4 ball pythons
  13 giant cockroaches
  3 goblins
  11 hobgoblins
  4 jackals (D:2)
  5 kobolds
  6 bats
  A giant gecko skeleton (D:4)
  6 giant newts
  2 gnoll zombies (D:2)
  32 rats
129 creatures vanquished.

Notes
Turn   | Place    | Note
--------------------------------------------------------------
     0 | D:1      | Kloppie the Hill Orc Berserker began the quest for the Orb.
     0 | D:1      | Reached XP level 1. HP: 19/19 MP: 1/1
    65 | D:1      | Reached XP level 2. HP: 17/27 MP: 2/2
   647 | D:1      | Reached XP level 3. HP: 33/33 MP: 3/3
  1010 | D:1      | Reached ** piety under Trog
  1312 | D:2      | Reached XP level 4. HP: 26/41 MP: 4/4
  1496 | D:2      | Reached skill level 5 in Axes
  1521 | D:2      | Found a sparkling altar of Nemelex Xobeh.
  1521 | D:2      | Found a radiant altar of Vehumet.
  1861 | D:2      | Found a basalt altar of Yredelemnul.
  2004 | D:3      | Reached XP level 5. HP: 47/47 MP: 5/5
  2032 | D:3      | Noticed Ijyb
  2056 | D:3      | Killed Ijyb
  2327 | D:3      | Found a glowing drain.
  2344 | D:3      | Reached *** piety under Trog
  2346 | D:3      | Reached skill level 5 in Fighting
  2370 | Sewer    | Entered a sewer
  2663 | Sewer    | Reached skill level 6 in Axes
  2681 | Sewer    | Reached XP level 6. HP: 56/56 MP: 6/6
  2783 | Sewer    | Reached **** piety under Trog
  3260 | D:3      | Noticed Crazy Yiuf
  3265 | D:3      | Killed Crazy Yiuf
  3344 | D:3      | Found a faded altar to an unknown god.
  3612 | D:4      | Found a sand-covered staircase.
  3643 | Ossuary  | Entered an ossuary
  3657 | Ossuary  | Reached XP level 7. HP: 55/62 MP: 7/7
  3660 | Ossuary  | Reached skill level 5 in Armour
  3671 | Ossuary  | Noticed SexyTroll44's ghost (novice NaVM)
  3694 | Ossuary  | Reached skill level 7 in Axes
  3698 | Ossuary  | HP: 1/94 [SexyTroll44's ghost/Olgreb's Toxic Radiance (10)]
  3699 | Ossuary  | Succumbed to SexyTroll44's ghost's toxic radiance

Skill      XL: |  1  2  3  4  5  6  7 |
---------------+----------------------+-----
Fighting       | 4 5 6 |  6.2
Armour         | 3 4 5 |  5.1
Axes           | 5 6 7 |  7.1
Dodging        | |  1.5

Action                   |  1- 3 |  4- 6 |  7- 9 || total
-------------------------+-------+-------+-------++-------
Melee: Hand axe          |   105 |   351 |    40 ||   496
Invok: Berserk           |     2 |     2 |     1 ||     5
       Trog's Hand       |       |     2 |     1 ||     3
  Eat: Chunk             |     3 |    11 |       ||    14
Armor: Animal skin       |     7 |       |       ||     7
       Chain mail        |    52 |   197 |    18 ||   267
Dodge: Dodged            |    49 |   115 |    10 ||   174
